 Dungeon Crawl Stone Soup version 0.18-a0-902-g8738618 (webtiles) character file.

1193 GeneralIdiocy the Shield-Bearer (level 8, -7/58 HPs)
             Began as a Formicid Fighter on Dec 24, 2015.
             Was an Initiate of Cheibriados.
             Mangled by an orc warrior
             ... wielding a +0 halberd
              (11 damage)
             ... on level 7 of the Dungeon.
             The game lasted 00:09:36 (6390 turns).

GeneralIdiocy the Shield-Bearer (Formicid Fighter)  Turns: 6390, Time: 00:09:37

Health: -7/58      AC: 13    Str: 21    XL:     8   Next: 71%
Magic:  8/8        EV:  7    Int: 12    God:    Cheibriados [......]
Gold:   382        SH: 11    Dex: 11    Spells: 0 memorised, 7 levels left

rFire  . . .     SeeInvis +     a - +0 war axe
rCold  . . .     Gourm    .     b - +0 chain mail
rNeg   . . .     Faith    .     c - +0 shield
rPois  +         Spirit   .     (helmet unavailable)
rElec  .         Dismiss  .     p - +2 cloak {rPois}
rCorr  .         Reflect  .     (no gloves)
SustAt .         Harm     .     (no boots)
MR     .....                    (no amulet)
Stlth  ..........               (no ring)
                                (no ring)

@: very slow, not resistant to hostile enchantments, extremely unstealthy
A: permanent stasis, dig shafts and tunnels, four strong arms, antennae 3
a: Dig, Shaft Self, Bend Time, Renounce Religion


You were on level 7 of the Dungeon.
You worshipped Cheibriados.
Cheibriados was noncommittal.
You were very hungry.

You visited 1 branch of the dungeon, and saw 8 of its levels.

You collected 382 gold pieces.

Inventory:

Hand Weapons
 a - a +0 war axe (weapon)
Armour
 b - a +0 chain mail (worn)
 c - a +0 shield (worn)
 h - a +0 plate armour
 p - a +2 cloak of poison resistance (worn)
Wands
 x - a wand of confusion (32/48)
 y - a wand of invisibility (4/9)
Scrolls
 e - a scroll of random uselessness
 j - a scroll of recharging
 l - a scroll of amnesia
 n - 3 scrolls of remove curse
 q - a scroll of acquirement {unknown}
 v - a scroll of teleportation
Potions
 d - a potion of heal wounds {unknown}
 g - 2 potions of flight
 k - a potion of haste {unknown}
 m - a potion of cure mutation {unknown}
 o - 2 potions of brilliance {unknown}
 r - 2 potions of magic {unknown}
 u - a potion of resistance {unknown}
 z - a potion of might
Books
 t - a book of the Warp

   Spells                             Type                      Level
   a - Recall                         Summoning/Translocation      3
   b - Gell's Gravitas                Hexes/Translocation          3
   c - Force Lance                    Conjuration/Translocation    4
   d - Phase Shift                    Translocation                5
   e - Warp Weapon                    Charms/Translocation         5
   f - Summon Forest                  Summoning/Translocation      5
Comestibles
 f - 6 bread rations
 i - a meat ration


   Skills:
 - Level 3.2 Fighting
 * Level 6.0 Axes
 + Level 7.1 Armour
 + Level 7.5 Shields


You had 7 spell levels left.
You didn't know any spells.

Dungeon Overview and Level Annotations

Branches:
Dungeon (8/15)             Temple (0/1) D:4
   Lair: D:8-11

Altars:
Cheibriados
Dithmenos
Elyvilon
Gozag
Makhleb
Ru
Zin

Shops:
D:7 *


Innate Abilities, Weirdness & Mutations

You are under a permanent stasis effect.
You can dig through walls and to a lower floor.
Your four strong arms can wield two-handed weapons with a shield.
You have a pair of large antennae on your head (SInv).


Message History

Press: ? - help, Shift-Dir - straight line, f - orc warrior
Aim: an orc warrior, wielding a halberd and wearing a chain mail (moderately wounded, chance to defeat MR: 46%)
The orc warrior appears confused.
Evoking this partially-identified wand wasted a few charges.
You barely miss the orc warrior.
The orc warrior is moderately wounded.
You catch the helpless orc warrior completely off-guard!
You hit the orc warrior.
The orc warrior is moderately wounded.
You barely miss the orc warrior.
The orc warrior is moderately wounded.
The orc warrior hits you with a halberd!
* * * LOW HITPOINT WARNING * * *
You hit the orc warrior.
The orc warrior is heavily wounded.
Drink which item? (? for menu, Esc to quit)
Okay, then.
The orc warrior seems less confused.
The orc warrior hits you from afar with a halberd!
You die...

#.###.###...###...##............
#.#.........##......(..#........
#.#.#.#.....##.........#........
#.#...#................#........
#.#...#..#.###.........######...
#.#...##.#.###........>#########
#.#......#......................
#.############(...........######
#..............@.o.........<....
##########................######
#......................
#......................
#......................
##...#.................
#...#...#####.........
#...#...##............
#...#...##............


You could see an orc warrior.

Vanquished Creatures
  A hippogriff (D:3)
  Menkaure (D:4)
  An orc warrior (D:6)
  An ice beast (D:6)
  A necrophage (D:6)
  A giant frog (D:7)
  A scorpion (D:6)
  5 orc priests
  A giant frog zombie (D:6)
  2 hounds
  A jelly (D:6)
  Jessica (D:3)
  A giant frog skeleton (D:5)
  Robin (D:4)
  7 adders
  A shadow imp (D:6)
  2 oozes
  An adder zombie (D:5)
  A worm (D:3)
  3 giant geckos
  30 orcs
  A ball python (D:6)
  5 giant cockroaches
  10 hobgoblins
  6 jackals
  7 kobolds
  2 quokkas (D:3)
  6 bats
  A giant gecko zombie (D:6)
  2 giant newts (D:1)
  19 goblins
  6 rats
129 creatures vanquished.

Notes
Turn   | Place    | Note
--------------------------------------------------------------
     0 | D:1      | GeneralIdiocy the Formicid Fighter began the quest for the Orb.
     0 | D:1      | Reached XP level 1. HP: 18/18 MP: 1/1
   169 | D:1      | Reached XP level 2. HP: 22/24 MP: 2/2
   470 | D:1      | Reached XP level 3. HP: 25/29 MP: 3/3
  1026 | D:1      | Reached skill level 4 in Armour
  1188 | D:2      | Found an opulent altar of Gozag.
  1277 | D:2      | Found a white marble altar of Elyvilon.
  1347 | D:2      | Reached XP level 4. HP: 30/35 MP: 4/4
  1694 | D:3      | Noticed Jessica
  1704 | D:3      | Killed Jessica
  1756 | D:3      | Reached XP level 5. HP: 21/41 MP: 5/5
  1979 | D:3      | Noticed a hippogriff
  1993 | D:3      | Killed a hippogriff
  1993 | D:3      | Reached skill level 5 in Shields
  1993 | D:3      | Reached XP level 6. HP: 41/47 MP: 6/6
  2049 | D:3      | Reached skill level 5 in Armour
  2350 | D:4      | Found a shadowy altar of Dithmenos.
  2375 | D:4      | Noticed Menkaure
  2387 | D:4      | Killed Menkaure
  2387 | D:4      | Reached XP level 7. HP: 35/52 MP: 7/7
  2437 | D:4      | Found a burning altar of Makhleb.
  2439 | D:4      | Found a glowing silver altar of Zin.
  2439 | D:4      | Noticed a blizzard demon
  2439 | D:4      | Noticed an angel
  2499 | D:4      | Noticed Robin
  2516 | D:5      | Entered Level 5 of the Dungeon
  2691 | D:4      | Killed Robin
  2764 | D:4      | Reached skill level 6 in Shields
  2917 | D:4      | Found a staircase to the Ecumenical Temple.
  3018 | D:4      | Found a sacrificial altar of Ru.
  3815 | D:6      | Reached skill level 5 in Axes
  3869 | D:6      | Reached XP level 8. HP: 30/58 MP: 8/8
  4393 | D:6      | Reached skill level 7 in Shields
  5234 | D:6      | Found a snail-covered altar of Cheibriados.
  5234 | D:6      | Found a sacrificial altar of Ru.
  5239 | D:6      | Became a worshipper of Cheibriados the Contemplative
  5672 | D:7      | Found Zaigeog's General Store.
  6390 | D:7      | Mangled by an orc warrior

Vault maps used:
D:1:      roderic_chinese_lattice_arrival, serial_forest,
          infiniplex_forest_zigzag_1, infiniplex_forest_clump_large,
          infiniplex_forest_lined_room_3, infiniplex_forest_end_1,
          infiniplex_forest_lined_ring, infiniplex_forest_3_way,
          infiniplex_forest_pool, infiniplex_forest_corner_1,
          minmay_crystal_water, serial_bayou_pond_c
D:2:      old_standard_altar, nicolae_overflow_crystal_walls
D:3:      uniq_jessica
D:4:      grunt_temple_overflow_order_and_chaos_2, grunt_dithmenos_smoke,
          temple_green, first_bread, nicolae_ru_awakened_eye, uniq_robin,
          uniq_menkaure
D:6:      gammafunk_temple_overflow_wave
D:7:      serial_shops, nicolae_shop_stone
D:8:      minmay_goldmine, lemuel_zombie_altar_kikubaaqudgha, lair_0_dummy

Action                   |  1- 3 |  4- 6 |  7- 9 || total
-------------------------+-------+-------+-------++-------
Melee: War axe           |   105 |    82 |   265 ||   452
Throw: Throwing net      |       |       |     1 ||     1
Evoke: Wand              |       |       |     8 ||     8
  Use: Potion            |       |     1 |     1 ||     2
       Scroll            |       |       |     8 ||     8
 Stab: Confused          |       |       |     5 ||     5
  Eat: Chunk             |       |     5 |     6 ||    11
       Meat ration       |       |       |     1 ||     1
       Pizza             |       |       |     1 ||     1
